 Dungeon Crawl Stone Soup version 0.29.1 (webtiles) character file.

Game seed: 5676452052619801986

76 Gabide the Grave Robber (level 4, -3/30 HPs)
             Began as a Mummy Necromancer on Sept 14, 2022.
             Slain by a goblin
             ... wielding a +0 dagger
             ... led by Robin
              (4 damage)
             ... on level 3 of the Dungeon.
             The game lasted 00:09:14 (2528 turns).

Gabide the Grave Robber (Mummy Necromancer)         Turns: 2528, Time: 00:09:16

Health: -3/30      AC:  4    Str: 11    XL:     4   Next: 12%
Magic:  6/10       EV: 12    Int: 16    God:
Gold:   109        SH:  5    Dex: 12    Spells: 7/11 levels left

rFire   x . .      SeeInvis .   c - +0 dagger
rCold   + . .      Faith    .   (no shield)
rNeg    + + +      Spirit   .   a - +0 robe
rPois   ∞          Reflect  +   (no helmet)
rElec   .          Harm     .   (no cloak)
rCorr   .          Rampage  .   (no gloves)
Will    .....                   d - +1 pair of boots
Stlth   ++........              j - amulet of reflection
HPRegen 0.10/turn               (no ring)
MPRegen 0.12/turn               (no ring)

@: no status effects
A: cold resistance 1, negative energy resistance 3, torment resistance 2, heat
vulnerability 1, in touch with death 1, no potions
a: no special abilities


You were on level 3 of the Dungeon.
You visited 1 branch of the dungeon, and saw 3 of its levels.

You collected 109 gold pieces.

Inventory:

Hand Weapons
 c - a +0 dagger (weapon)
Armour
 a - a +0 robe (worn)
 d - a +1 pair of boots (worn)
 i - a +0 buckler
Jewellery
 j - an amulet of reflection (around neck)
Scrolls
 b - a scroll of enchant weapon
 f - a scroll of brand weapon
 h - a scroll of noise {unknown}
 k - a scroll of teleportation {unknown}


   Skills:
 - Level 2.0 Dodging
 - Level 2.0 Stealth
 - Level 4.0 Spellcasting
 + Level 4.7 Necromancy


You had 7 spell levels left.
You knew the following spells:

 Your Spells              Type           Power      Damage    Failure   Level
a - Necrotise             Necr           100%       1d9       2%          1
b - Vampiric Draining     Necr           27%        2d7       8%          3

Your spell library contained the following spells:

 Spells                   Type           Power      Damage    Failure   Level
 Animate Dead             Necr           27%        N/A       24%         4
 Ensorcelled Hibernation  Hex/Ice        6%         N/A       26%         2
 Gell's Gravitas          Tloc           3%         N/A       45%         3
 Teleport Other           Tloc           3%         N/A       45%         3
 Anguish                  Hex/Necr       8%         N/A       54%         4
 Agony                    Necr           27%        N/A       56%         5
 Freezing Cloud           Conj/Ice/Air   1%         6-21      99%         5
 Dispersal                Tloc           1%         N/A       100%        6
 Simulacrum               Ice/Necr       8%         N/A       100%        6
 Polar Vortex             Ice            1%         N/A       100%        9
 Spider Form              Tmut/Pois      Unusable   N/A       N/A         3

Dungeon Overview and Level Annotations

Branches:
Dungeon (3/15)

Altars:

Annotations:
D:3 Robin


Innate Abilities, Weirdness & Mutations

You are immune to poison.
Your flesh is cold resistant. (rC+)
You are immune to negative energy. (rN+++)
You are immune to unholy pain and torment.
You are vulnerable to heat. (rF-)
You are in touch with the powers of death.
You do not drink.


Message History

Something hits your hobgoblin skeleton. You block the goblin's attack.
The goblin hits you with a +0 club.
Aiming: Necrotise (safe; 2% risk of failure)
Press: ? - help, Q - select action Shift-Dir - straight line, f/p - goblin
Aim: a goblin, wielding a +0 club (heavily wounded, strong, ally target, chance to affect: 93%)
You feel a surge of power!
The goblin writhes in agony.
You kill the goblin!
The dead are walking!
A bat comes into view.
Your goblin skeleton closely misses the goblin.
The goblin misses you. The goblin barely misses you.
Your hobgoblin skeleton closely misses the goblin.
Something hits your hobgoblin skeleton. The goblin hits you with a +0 dagger.
* * * LOW HITPOINT WARNING * * *
The bat moves out of view.
Your goblin skeleton completely misses the goblin.
The goblin hits you with a +0 dagger.
* * * LOW HITPOINT WARNING * * *
The goblin hits you with a +0 dagger.
* * * LOW HITPOINT WARNING * * *
You see here a +0 club.
The goblin attacks as you move away! The goblin hits you but does no damage.
Your goblin skeleton misses the goblin.
The goblin hits your goblin skeleton with a +0 dagger.
Your goblin skeleton hits the goblin.
The goblin hits your goblin skeleton with a +0 dagger.
Your goblin skeleton is destroyed!
Robin throws the goblin at you!
* * * LOW HITPOINT WARNING * * *
You can't drink.
As you read the scroll labelled TONE ILOTTIM, it crumbles to dust.
It is a scroll of enchant armour.
Your +0 pair of boots glows green for a moment.
Your goblin skeleton hits the goblin.
Robin throws the goblin at you!
* * * LOW HITPOINT WARNING * * *
The goblin barely misses you. The goblin hits you with a +0 club.
* * * LOW HITPOINT WARNING * * *
The goblin hits your goblin skeleton with a +0 dagger.
The goblin hits you with a +0 dagger.
You die...

#.....# #..# **,,** #.....###
#..# **,,,,, #.......# #.##
**,,,**, #....##.#
##.#*****.,,,*,,
######....##.###..#*,,,..,,**,,
##...##....##......#*,#...,**,,,
#..#.....#.###...#.#,.....**,,,,
#.....#[...###g..#.#Z....#*,,,,,
#..#.....#.##.g@ggggg...#*,,,,,,
#....###...##...Zg##...##,,,,,,,
#....########.....#*,..#,,,,,,,,
####..............#*,,.#,,,*,***
##########.....#*,,,..,**,*
#.....#*,,,,.#**,*
#.....#*,,,**# *,* #.....#**,**
*,* #.....# *,* *,*


You could see Robin, a hobgoblin (strong), 6 goblins, a friendly goblin skeleton
and a friendly hobgoblin skeleton.

Vanquished Creatures
  A worm (D:2)
  4 dart slugs
  6 endoplasms
  2 giant cockroaches
  7 goblins
  5 hobgoblins
  4 jackals (D:2)
  7 kobolds
  2 quokkas
  6 ball pythons
  6 bats
  A frilled lizard (D:2)
  7 rats
58 creatures vanquished.

Vanquished Creatures (collateral kills)
  An endoplasm (D:1)
  A goblin (D:1)
  A rat (D:1)
3 creatures vanquished.

Grand Total: 61 creatures vanquished

Notes
Turn   | Place    | Note
-------+----------+-------------------------------------------
     0 | D:1      | Gabide the Mummy Necromancer began the quest for the Orb.
     0 | D:1      | Reached XP level 1. HP: 13/13 MP: 4/4
   267 | D:1      | Reached XP level 2. HP: 19/19 MP: 0/5
  1166 | D:2      | Gained mutation: You are in touch with the powers of death.
                  | [Mummy growth]
  1166 | D:2      | Reached XP level 3. HP: 24/24 MP: 4/7
  1271 | D:2      | Learned a level 3 spell: Vampiric Draining
  1798 | D:2      | Found a faded altar of an unknown god.
  2249 | D:3      | Reached XP level 4. HP: 30/30 MP: 7/9
  2518 | D:3      | Noticed Robin
  2528 | D:3      | HP: 1/30 [goblin/+0 club[Robin] (1)]
  2528 | D:3      | Slain by a goblin

Illustrated notes

Levels and vault maps discovered:
D:1:      lightli_arrival_statuegarden, layout_loops_ring
D:2:      layout_loops_ring, hellmonk_ecumenical_altar_slurped_away,
          hangedman_decor_points
D:3:      layout_basic, nicolae_overflow_hidden_temple, nrook_mini_backslash,
          minmay_misc_feat_five, uniq_robin

Skill      XL: |  1  2  3  4 |
---------------+-------------+-----
Spellcasting   | 3 4 |  4.0
Stealth        | 2 |  2.0
Dodging        | 2 |  2.0
Necromancy     | |  4.7

Action                   |  1- 3 |  4- 6 || total
-------------------------+-------+-------++-------
Melee: Dagger            |     4 |       ||     4
 Cast: Necrotise         |    87 |    11 ||    98
  Use: Scroll            |     2 |     2 ||     4
Armor: Robe              |     6 |     3 ||     9
Dodge: Dodged            |    12 |     4 ||    16
Block: Other             |       |     3 ||     3
